AoeStats
← MZTK | GaboxNet .i.

Arabia

510191560Analyzed
4v4 RM · 1d ago on Sep 29, 2026· 57m 47s· 8 players
Game mode
Random Map
Map size
Large (8 player)
Population
200
Speed
Normal
Resources
Standard
Victory
Conquest
Starting age
Dark Age
Ending age
Imperial Age
RankedLock teamsTeams togetherTeam positionsShared explorationLock speedFull tech treeHidden civsTurbo modeCheats
Victory
Defeat
🇲🇽 Persians · Mexico
1445
+9
🇵🇪 Japanese · Peru
1419
+10
🇨🇱 Italians · Chile
1219
+19
🇨🇱 Ethiopians · Chile
898
+29
🇪🇸 Ethiopians · Spain
1363
-20
🇲🇽 Danes · Mexico
1278
-17
🇺🇸 Franks · United States
1221
-15
🇲🇽 Mongols · Mexico
1213
-15
[PVS] Manu_X
8:35 Loom
10:45 Feudal Age
14:12 Double-Bit Axe
16:04 Fletching
30:47 Castle Age
31:12 Padded Archer Armor
31:14 Elite Skirmisher
32:30 Town Watch
34:57 Leather Archer Armor
37:01 Squires
37:05 Scale Mail Armor
50:20 Crossbowman
55:42 Stone Mining
PVS | Claud1us_
6:44 Loom
9:33 Feudal Age
12:45 Double-Bit Axe
14:56 Fletching
19:09 Padded Archer Armor
21:49 Horse Collar
23:21 Wheelbarrow
26:24 Castle Age
24:35 Gold Mining
26:32 Crossbowman
27:18 Bodkin Arrow
29:33 Ballistics
31:09 Wheelbarrow
33:01 Heavy Plow
34:44 Town Watch
36:17 Bow Saw
40:29 Imperial Age
39:03 Thumb Ring
40:36 Arbalester
42:19 Chemistry
42:45 Bracer
44:00 Leather Archer Armor
47:03 Ring Archer Armor
47:31 Forging
47:26 Stone Mining
47:49 Scale Barding Armor
50:29 Two-Man Saw
49:59 Crop Rotation
50:51 Chain Barding Armor
51:31 Bloodlines
51:22 Husbandry
51:16 Light Cavalry
53:19 Squires
55:03 Stone Shaft Mining
54:41 Fortified Wall
54:27 Murder Holes
56:09 Hussar
58:23 Iron Casting
Valquian
7:36 Loom
9:40 Feudal Age
10:50 Double-Bit Axe
12:57 Forging
12:55 Scale Barding Armor
15:56 Town Watch
23:04 Castle Age
21:57 Gold Mining
21:49 Horse Collar
22:39 Bloodlines
22:43 Forging
24:15 Chain Barding Armor
23:57 Husbandry
24:39 Bow Saw
27:16 Wheelbarrow
30:47 Heavy Plow
36:58 Gold Shaft Mining
38:03 Fletching
38:49 Iron Casting
41:15 Imperial Age
40:39 Hand Cart
41:37 Bodkin Arrow
41:17 Cavalier
42:59 Blast Furnace
45:50 Conscription
45:39 Yasama
46:03 Bracer
46:29 Ballistics
47:09 Chemistry
46:01 Guard Tower
48:08 Masonry
49:57 Keep
49:33 Masonry
49:19 Murder Holes
49:27 Scale Mail Armor
53:33 Chain Mail Armor
54:08 Pikeman
54:48 Squires
54:34 Arson
55:21 Plate Mail Armor
56:00 Halberdier
57:31 Padded Archer Armor
Nitto
6:04 Loom
9:21 Feudal Age
9:59 Double-Bit Axe
15:38 Horse Collar
17:48 Scale Barding Armor
17:53 Forging
22:13 Forging
25:41 Castle Age
23:42 Gold Mining
24:34 Bloodlines
26:02 Light Cavalry
27:31 Chain Barding Armor
34:10 Iron Casting
38:23 Wheelbarrow
44:13 Stone Mining
50:30 Imperial Age
49:20 Fletching
50:40 Husbandry
50:08 Cavalier
51:54 Blast Furnace
51:38 Plate Barding Armor
52:16 Conscription
51:32 Savar
56:28 Bow Saw
MZTK l ROD
7:12 Loom
9:22 Feudal Age
12:16 Double-Bit Axe
14:13 Fletching
14:34 Town Watch
22:10 Horse Collar
28:19 Castle Age
26:45 Scale Mail Armor
29:34 Wheelbarrow
28:24 Crossbowman
29:00 Bodkin Arrow
29:00 Crossbowman
32:17 Forging
40:14 Arson
41:56 Bow Saw
50:26 Hand Cart
50:58 Iron Casting
51:43 Padded Archer Armor
55:59 Town Patrol
55:37 Pikeman
56:18 Squires
55:50 Elite Skirmisher
56:37 Thumb Ring
MrskullSoul
3:27 Loom
10:38 Feudal Age
12:03 Town Watch
13:16 Double-Bit Axe
18:30 Wheelbarrow
22:57 Castle Age
21:15 Scale Barding Armor
21:54 Forging
23:48 Husbandry
24:09 Chain Barding Armor
24:25 Iron Casting
27:38 Bow Saw
31:07 Hand Cart
31:00 Gold Mining
34:46 Gold Shaft Mining
34:25 Stone Mining
36:05 Fervor
44:01 Imperial Age
42:58 Fletching
44:46 Chivalry
45:07 Conscription
44:17 Cavalier
45:43 Plate Barding Armor
46:52 Blast Furnace
50:56 Paladin
MZTK | GaboxNet .i.
1:51 Loom
6:50 Loom
9:10 Feudal Age
19:08 Bloodlines
22:48 Castle Age
20:41 Horse Collar
20:53 Double-Bit Axe
23:43 Bloodlines
23:54 Bow Saw
24:01 Forging
28:41 Gold Mining
30:51 Scale Barding Armor
32:17 Husbandry
33:45 Heavy Plow
38:20 Iron Casting
38:40 Wheelbarrow
40:11 Chain Barding Armor
45:46 Imperial Age
45:53 Cavalier
47:34 Blast Furnace
47:48 Hand Cart
52:33 Light Cavalry
stiven15678
4:34 Loom
9:18 Feudal Age
9:52 Gold Mining
9:51 Double-Bit Axe
12:25 Fletching
19:42 Padded Archer Armor
24:30 Castle Age
23:43 Gold Mining
23:35 Horse Collar
24:57 Crossbowman
25:35 Bodkin Arrow
30:42 Ballistics
31:17 Leather Archer Armor
31:52 Gold Shaft Mining
32:37 Heavy Plow
34:51 Wheelbarrow
38:12 Thumb Ring
38:29 Town Watch
48:18 Imperial Age
47:59 Forging
47:51 Scale Mail Armor
48:28 Arbalester
49:10 Bracer
49:30 Bow Saw
50:33 Chemistry
50:03 Halberdier
52:19 Hand Cart
52:44 Squires
52:30 Arson
56:05 Chain Mail Armor
56:01 Forging
56:46 Ring Archer Armor
Connection lost

Rejoining the realm…

Still unreachable

The connection could not be restored.

Session expired

The server has moved on; the page needs a fresh start.